 Dungeon Crawl Stone Soup version 0.19.1-1-g22dce08 (webtiles) character file.

6345 Alarkh the Cleaver (level 10, -2/79 HPs)
             Began as a Demonspawn Monk on Jan 12, 2017.
             Was an Elder of Trog.
             Slain by a skeletal warrior
             ... wielding a +0 mace
             ... led by a skeletal warrior
              (13 damage)
             ... on level 9 of the Dungeon.
             The game lasted 00:20:35 (11083 turns).

Alarkh the Cleaver (Demonspawn Monk)               Turns: 11083, Time: 00:20:36

Health: -2/79      AC:  9    Str: 11    XL:     10   Next: 64%
Magic:  10/10      EV: 16    Int: 15    God:    Trog [****..]
Gold:   414        SH:  0    Dex: 16    Spells: 0 memorised, 9 levels left

rFire  + . .     SeeInvis .     z - +8 flail "Haotius" {protect, rF+}
rCold  . . .     Gourm    .     K - +1 robe {rN+}
rNeg   + . .     Faith    .     (no shield)
rPois  .         Spirit   .     (helmet restricted)
rElec  .         Reflect  .     l - +0 cloak
rCorr  .         Harm     .     (no gloves)
MR     .....                    L - +0 pair of boots
Stlth  +++.......               (no amulet)
                                o - +2 ring of protection
                                H - ring of stealth

@: exhausted, about to teleport, very slightly contaminated, slowed, very slow
A: antennae 1, rugged brown scales 2, powered by death 1, spiny 1
a: Berserk, Trog's Hand, Brothers in Arms, Burn Spellbooks, Renounce Religion


You were on level 9 of the Dungeon.
You worshipped Trog.
Trog was greatly pleased with you.
You were not hungry.

You visited 2 branches of the dungeon, and saw 10 of its levels.
You also visited: Ossuary.

You collected 414 gold pieces.

Inventory:

Hand Weapons
 a - the +2 whip "Gesacrovvu" {slash, rPois rF+ rC- rN++}
   (You found it on level 4 of the Dungeon)

   It inflicts extra damage upon your enemies.
   It protects you from fire.
   It makes you vulnerable to cold.
   It protects you from poison.
   It greatly protects you from negative energy.
 k - a +0 hand axe
 w - a -3 broad axe
 z - the +8 flail "Haotius" (weapon) {protect, rF+}
   (You found it on level 9 of the Dungeon)

   It protects the one who uses it against injury (+AC on strike).
   It protects you from fire.
Armour
 b - a +0 robe
 l - a +0 cloak (worn)
 K - a +1 robe of positive energy (worn)
 L - a +0 pair of boots (worn)
Jewellery
 m - an uncursed ring of resist corrosion
 o - a +2 ring of protection (right hand)
 G - an uncursed ring of protection from magic
 H - a ring of stealth (left hand)
 M - an uncursed ring of fire
 R - an uncursed ring of positive energy
Wands
 D - a wand of acid (7/15)
 E - a wand of acid (5/15)
 J - a wand of flame (28/48)
 O - a wand of lightning (8/15)
 Q - a wand of random effects (25/48)
Scrolls
 d - 4 scrolls of teleportation
 e - 2 scrolls of identify
 g - 4 scrolls of enchant weapon
 i - 5 scrolls of amnesia
 j - a scroll of blinking
 p - 4 scrolls of remove curse
 q - 2 scrolls of random uselessness {unknown}
 r - 3 scrolls of immolation {unknown}
 s - 2 scrolls of recharging
 y - a scroll of fog {unknown}
 I - a scroll of enchant armour {unknown}
Potions
 h - a potion of magic
 t - 4 potions of curing
 v - a potion of cure mutation
 x - a potion of haste
 A - a potion of flight
 B - 2 potions of heal wounds
 P - a potion of brilliance {unknown}
 S - a potion of agility
Books
 u - a book of Air

   Spells                             Type                      Level
   a - Shock                          Conjuration/Air              1
   b - Swiftness                      Charms/Air                   2
   c - Repel Missiles                 Charms/Air                   2
   d - Static Discharge               Conjuration/Air              3
   e - Lightning Bolt                 Conjuration/Air              5
   Trog disapproves of the use of such an item.
 F - a book of Callings

   Spells                             Type                      Level
   a - Summon Small Mammal            Summoning                    1
   b - Call Imp                       Summoning                    2
   c - Call Canine Familiar           Summoning                    3
   d - Summon Guardian Golem          Hexes/Summoning              3
   e - Summon Lightning Spire         Summoning/Air                4
   f - Summon Ice Beast               Ice/Summoning                4
   Trog disapproves of the use of such an item.
Comestibles
 c - 7 bread rations
 f - 3 beef jerkies
 n - 3 meat rations
 C - 2 fruits


   Skills:
 + Level 6.2 Fighting
 * Level 12.2 Axes
 + Level 4.7 Armour
 + Level 5.7 Dodging
 - Level 1.7 Stealth


You had 9 spell levels left.
You didn't know any spells.

Dungeon Overview and Level Annotations

Branches:
Dungeon (9/15)             Temple (1/1) D:6
   Lair: D:8-11         Orc: D:9-12

Altars:
Ashenzari
Cheibriados
Dithmenos
Elyvilon
Fedhas
Gozag
Hepliaklqana
Kikubaaqudgha
Makhleb
Nemelex Xobeh
Okawaru
Qazlal
Ru
Sif Muna
Trog
Uskayaw
Vehumet
Xom
Yredelemnul
Zin
The Shining One

Shops:
D:5 :   D:8 :

Annotations:
D:7 exclusion: ice statue


Innate Abilities, Weirdness & Mutations

You have a pair of small antennae on your head.
You are mostly covered in rugged brown scales. (AC +2, +5% HP)
You regenerate a little health from kills.
You are partially covered in sharp spines.


Message History

You feel yourself slow down.
You start resting.
You see here a long sword.
The skeletal warrior hits you from afar with a halberd!
The skeletal warrior is struck by your spines.
The skeletal warrior hits you with a halberd!
Blink to where?
Press: ? - help, Dir - move target cursor You are very lightly contaminated with residual magic.
As you read the scroll of blinking, it crumbles to dust.
The skeletal warrior hits you with a mace!
* * * LOW HITPOINT WARNING * * *
The skeletal warrior closely misses you.
There is an open door here.
The skeletal warrior hits you with a mace!
* * * LOW HITPOINT WARNING * * *
As you read the scroll of teleportation, it crumbles to dust.
You feel strangely unstable.
The skeletal warrior hits you with a mace!
You die...

#.....# ##.... #. #.....# #.##
## ###z##### #.# #.....# #.#
########.### ##.########
#..........####.........######
#.........z'z.#............##.
#..........##z#.........##..z.
#..........##@#.....z...#####z
#..........##...........# #.
#..........####.........# ##
#...)......# #.........# #
####.....### ####.###### ##
#######..## #..# ##.
#.....#...# ##.# ##..
#.#.#.#.#...######'##### #>.#
#.#...#.#.#..........###.##


You could see 2 skeletal warriors.

Vanquished Creatures
  2 skeletal warriors (D:9)
  Joseph (D:7)
  A two-headed ogre (D:9)
  The ghost of Yoshimo the Conjurer, an amateur DgWz (D:5)
  A shadow (D:8)
  The ghost of Paps the Cudgeler, an amateur TrBe of Trog (D:3)
  A wyvern (D:8)
  Eustachio (D:5)
  A hungry ghost (D:7)
  Duvessa (D:7)
  A sky beast (D:6)
  2 ogres
  6 black bears
  2 ice beasts
  A phantom (D:5)
  5 centaurs
  3 bullfrogs
  3 water moccasin zombies (Ossuary)
  Dowan (D:7)
  2 scorpions
  4 killer bees (D:9)
  A wight (D:9)
  3 crimson imps
  2 howler monkeys (D:6)
  A bullfrog zombie (D:7)
  Crazy Yiuf (D:6)
  4 hounds
  3 orc priests
  A centaur skeleton (D:7)
  4 jellies
  10 orc wizards
  A bullfrog skeleton (D:4)
  An iguana (D:9)
  6 worker ants
  A killer bee zombie (D:7)
  A big kobold zombie (Ossuary)
  2 hound skeletons
  2 mummies (Ossuary)
  3 gnolls (D:2)
  13 adders
  2 shadow imps
  An ooze (D:6)
  2 adder skeletons (D:8)
  6 adder zombies (Ossuary)
  3 worms
  4 dart slugs
  7 leopard geckos
  24 orcs
  5 ball pythons
  4 giant cockroaches
  7 goblins
  8 hobgoblins
  12 jackals
  7 quokkas
  5 bats
  5 frilled lizards
  5 gnoll zombies (Ossuary)
  A goblin zombie (D:5)
  6 hobgoblin zombies (Ossuary)
  6 kobolds
  2 kobold zombies (Ossuary)
  A leopard gecko skeleton (D:4)
  A leopard gecko zombie (D:6)
  2 orc zombies (Ossuary)
  A quokka skeleton (D:6)
  A quokka zombie (D:6)
  10 rats
  A rat zombie (D:5)
240 creatures vanquished.

Vanquished Creatures (others)
  An orc wizard (D:6)
1 creature vanquished.

Grand Total: 241 creatures vanquished

Notes
Turn   | Place    | Note
-------+----------+-------------------------------------------
     0 | D:1      | Alarkh the Demonspawn Monk began the quest for the Orb.
     0 | D:1      | Reached XP level 1. HP: 18/18 MP: 1/1
   131 | D:1      | Reached skill level 3 in Axes
   148 | D:1      | Gained mutation: You regenerate a little health from kills. [demonic ancestry]
   148 | D:1      | Reached XP level 2. HP: 16/24 MP: 2/2
   829 | D:2      | Gained mutation: You are partially covered in rugged brown scales. (AC +1, +3% HP) [demonic ancestry]
   829 | D:2      | Reached XP level 3. HP: 13/29 MP: 3/3
  1030 | D:2      | Reached skill level 4 in Axes
  1311 | D:2      | Found a deep blue altar of Sif Muna.
  1470 | D:2      | Reached XP level 4. HP: 15/36 MP: 4/4
  1882 | D:2      | Found a radiant altar of Vehumet.
  2027 | D:2      | Gained mutation: Your flesh is cold resistant. (rC+) [potion of beneficial mutation]
  2038 | D:2      | Reached skill level 5 in Axes
  2316 | D:2      | Reached XP level 5. HP: 42/42 MP: 5/5
  2503 | D:3      | Noticed Paps's ghost (amateur TrBe)
  2629 | D:4      | Got a warped whip
  2630 | D:4      | Identified the +2 whip "Gesacrovvu" {slash, rPois rF+ rC- rN++} (You found it on level 4 of the Dungeon)
  3219 | D:3      | Reached skill level 6 in Axes
  3275 | D:3      | Reached XP level 6. HP: 21/48 MP: 6/6
  3894 | D:3      | Gained mutation: You tend to lose your temper in combat. [potion of mutation]
  3894 | D:3      | Gained mutation: You expend magic power (3 MP) to strengthen your wands. [potion of mutation]
  4907 | D:5      | Entered Level 5 of the Dungeon
  4921 | D:5      | Found Cucsamef's Book Emporium.
  4968 | D:5      | Reached skill level 7 in Axes
  5134 | D:5      | Noticed Eustachio
  5155 | D:5      | Killed Eustachio
  5155 | D:5      | Gained mutation: You have a pair of small antennae on your head. [demonic ancestry]
  5155 | D:5      | Reached XP level 7. HP: 21/53 MP: 7/7
  5300 | D:5      | Reached skill level 8 in Axes
  5305 | D:5      | Found a shadowy altar of Dithmenos.
  5424 | D:5      | Noticed Yoshimo's ghost (amateur DgWz)
  5427 | D:5      | Found a sand-covered staircase.
  5434 | Ossuary  | Entered an ossuary
  5928 | D:5      | Gained mutation: You are mostly covered in rugged brown scales. (AC +2, +5% HP) [demonic ancestry]
  5928 | D:5      | Reached XP level 8. HP: 48/60 MP: 8/8
  6172 | D:6      | Reached skill level 9 in Axes
  6418 | D:6      | Found a staircase to the Ecumenical Temple.
  6442 | Temple   | Entered the Ecumenical Temple
  6449 | Temple   | Became a worshipper of Trog the Wrathful
  6449 | Temple   | Reached * piety under Trog
  6449 | Temple   | Reached ** piety under Trog
  6715 | D:6      | Reached skill level 10 in Axes
  6870 | D:6      | Reached skill level 1 in Armour
  7068 | D:6      | Reached XP level 9. HP: 20/68 MP: 9/9
  7181 | D:6      | Found a runed door.
  7507 | D:6      | Noticed Crazy Yiuf
  7513 | D:6      | Killed Crazy Yiuf
  7586 | D:7      | Found a glowing golden altar of the Shining One.
  7591 | D:7      | Found a shattered altar of Ashenzari.
  7591 | D:7      | Found a white marble altar of Elyvilon.
  7625 | D:7      | Found a hide-covered altar of Uskayaw.
  7674 | D:7      | Noticed Dowan
  7676 | D:7      | Noticed Duvessa
  7681 | D:7      | Killed Dowan
  7681 | D:7      | Reached *** piety under Trog
  7688 | D:7      | Killed Duvessa
  7975 | D:7      | Reached skill level 11 in Axes
  7989 | D:7      | Noticed an ice statue
  8176 | D:7      | Found a stormy altar of Qazlal.
  8477 | D:7      | Noticed Joseph
  8497 | D:7      | Killed Joseph
  8497 | D:7      | Reached skill level 5 in Fighting
  8860 | D:8      | Gained mutation: You are partially covered in sharp spines. [demonic ancestry]
  8860 | D:8      | Reached XP level 10. HP: 36/77 MP: 10/10
  9170 | D:8      | Found Ypeduicaiff's Book Shoppe.
  9222 | D:8      | Found a shadowy altar of Dithmenos.
  9233 | D:8      | Lost mutation: Your flesh is cold resistant. (rC+) [potion of cure mutation]
  9233 | D:8      | Lost mutation: You tend to lose your temper in combat. [potion of cure mutation]
  9233 | D:8      | Lost mutation: You expend magic power (3 MP) to strengthen your wands. [potion of cure mutation]
  9959 | D:3      | Killed Paps's ghost
 10048 | D:4      | Reached skill level 5 in Dodging
 10331 | D:5      | Found a glowing silver altar of Zin.
 10390 | D:5      | Killed Yoshimo's ghost
 10726 | D:9      | Noticed a skeletal warrior
 10727 | D:9      | Noticed a skeletal warrior
 10727 | D:9      | Noticed a skeletal warrior
 10728 | D:9      | Noticed a skeletal warrior
 10728 | D:9      | Noticed a skeletal warrior
 10891 | D:9      | Got a dazzling flail
 10892 | D:9      | Identified the +8 flail "Haotius" {protect, rF+} (You found it on level 9 of the Dungeon)
 10962 | D:9      | Killed a skeletal warrior
 10962 | D:9      | Reached skill level 12 in Axes
 11059 | D:9      | Killed a skeletal warrior
 11059 | D:9      | Reached **** piety under Trog
 11083 | D:9      | Slain by a skeletal warrior

Skill      XL: |  1  2  3  4  5  6  7  8  9 10 |
---------------+-------------------------------+-----
Axes           | 3 4 5 6 7 8 10 11 12 | 12.2
Dodging        | 3 4 5 |  5.7
Armour         | 1 3 4 |  4.7
Fighting       | 5 6 |  6.2
Stealth        | |  1.7

Action                   |  1- 3 |  4- 6 |  7- 9 | 10-12 || total
-------------------------+-------+-------+-------+-------++-------
Melee: Hand axe          |   131 |   122 |       |       ||   253
       Whip              |       |   183 |   643 |   137 ||   963
       Flail             |       |       |       |    21 ||    21
Invok: Berserk           |       |       |     8 |     5 ||    13
  Use: Scroll            |     3 |     8 |     3 |     3 ||    17
       Potion            |     1 |     6 |       |     5 ||    12
 Stab: Distracted        |     1 |       |       |       ||     1
       Sleeping          |     3 |     5 |     7 |     5 ||    20
  Eat: Chunk             |     2 |    12 |    19 |     8 ||    41
       Fruit             |       |       |     1 |       ||     1
       Meat ration       |       |       |       |     1 ||     1
Armor: Robe              |    15 |    52 |   132 |    27 ||   226
       Skin              |       |    27 |       |       ||    27
Dodge: Dodged            |    89 |   143 |   356 |    84 ||   672
